 Dungeon Crawl Stone Soup version 0.27-a0-101-g3cb999cee2 (webtiles) character file.

Game seed: 17926086448934712626

335 tacoguy the Conjurer (level 6, -1/32 HPs)
             Began as a Deep Elf Conjurer on Jan 21, 2021.
             Was a Believer of Vehumet.
             Slain by Pikel
             ... wielding a +0 whip of electrocution
              (19 damage)
             ... on level 3 of the Dungeon on Jan 22, 2021.
             The game lasted 00:20:57 (3820 turns).

tacoguy the Conjurer (Deep Elf Conjurer)            Turns: 3820, Time: 00:20:57

Health: -1/32      AC:  2    Str:  4    XL:     6   Next: 28%
Magic:  2/17       EV: 13    Int: 25    God:    Vehumet [**....]
Gold:   82         SH:  5    Dex: 13    Spells: 7/18 levels left

rFire    . . .     SeeInvis .   (no weapon)
rCold    . . .     Faith    .   (no shield)
rNeg     . . .     Spirit   .   a - +0 robe
rPois    .         Reflect  +   (no helmet)
rElec    .         Harm     .   (no cloak)
rCorr    .         Rampage  .   (no gloves)
Will     .....                  (no boots)
Stlth    ++........             g - amulet of reflection
HPRegen  0.10/turn              (no ring)
MPRegen  0.15/turn              (no ring)

@: no status effects
A: no striking features
a: Renounce Religion


You were on level 3 of the Dungeon.
You worshipped Vehumet.
Vehumet was pleased with you.
You visited 1 branch of the dungeon, and saw 4 of its levels.
You also visited: Sewer.

You collected 82 gold pieces.

Inventory:

Armour
 a - a +0 robe (worn)
Jewellery
 g - an amulet of reflection (around neck)
Scrolls
 c - 2 scrolls of remove curse
 e - 2 scrolls of enchant weapon {unknown}
 k - a scroll of enchant armour
 m - a scroll of immolation {unknown}
 n - a scroll of fear {unknown}
Potions
 b - 4 potions of heal wounds {unknown}
 d - 7 potions of curing
 f - a potion of mutation {unknown}
 h - a potion of brilliance
 i - a potion of magic {unknown}
 j - 4 potions of flight {unknown}
 l - a potion of lignification {unknown}


   Skills:
 - Level 2.4 Dodging
 - Level 2.4 Stealth
 + Level 6.6 Spellcasting
 + Level 6.6 Conjurations


You had 7 spell levels left.
You knew the following spells:

 Your Spells              Type           Power        Failure   Level
a - Magic Dart            Conj           100%         1%          1
b - Searing Ray           Conj           82%          1%          2
c - Fulminant Prism       Conj/Hex       12%          17%         4
d - Iskenderun's Mystic   Conj/Tloc      25%          17%         4

Your spell library contained the following spells:

 Spells                   Type           Power        Failure   Level
 Freeze                   Ice            32%          7%          1
 Dazzling Flash           Conj/Hex       50%          5%          3


Dungeon Overview and Level Annotations

Branches:
Dungeon (4/15)              Sewer (visited)
 Temple: D:4-7

Altars:
Vehumet
Xom

Annotations:
D:3 Pikel


Message History

Confirm with . or Enter, or press ? or * to list all spells.
The spell is extremely dangerous to cast (17% risk of failure)!
Continue anyway?
You erupt in a blast of force!
The mystic blast hits Pikel.
Pikel is moderately wounded.
Pikel is knocked back by the mystic blast.
Casting: Iskenderun's Mystic Blast (extremely dangerous; 17% risk of failure)
Confirm with . or Enter, or press ? or * to list all spells.
Aiming: Searing Ray (safe; 1% risk of failure)
Press: ? - help, Shift-Dir - straight line, f/p - Pikel
Aim: Pikel, wielding a +0 whip of electrocution, wearing a +0 robe and carrying a wand of random effects (14) (moderately wounded, 23% to evade)
The searing ray hits Pikel.
Pikel is moderately wounded. (Press . to maintain the ray.)
The searing ray hits Pikel!
Pikel is severely wounded.
There is an open door here.
Pikel hits you with a +0 whip of electrocution.
You are electrocuted!!
Ouch! That really hurt!
You die...

#.+....'............
#.#....###.###.####. #.#....#
#.# #.# #. #.#....###.# #.# #.
##..........# #.# #.
#.....####### #.####.
#.....####### #......
#.>K..>.....# #.###..
############...@.#####.###.###(.
#................# #..##......
#............##### ##.##......
#............# #..##.###.
#............# #####.##.# #.
#............# #...#.##.# #.
#.....######### #...#[##.# #.
#....##≈.≈≈≈≈≈## #....[...# #(
#....#.#######≈######'###.#####'


You could see Pikel.

Vanquished Creatures
  4 lemures
  A big kobold (Sewer)
  A hound (D:4)
  An orc wizard (D:3)
  4 gnolls
  3 river rats (D:3)
  4 adders
  An ooze (D:1)
  A worm (D:2)
  A dart slug (D:2)
  3 leopard geckos
  10 orcs (D:3)
  6 ball pythons
  9 bats
  4 giant cockroaches
  6 goblins
  5 hobgoblins
  6 jackals (D:2)
  8 frilled lizards
  15 kobolds
  7 rats
100 creatures vanquished.

Vanquished Creatures (others)
  A fulminant prism (D:4)
  A plant (Sewer)
2 creatures vanquished.

Grand Total: 102 creatures vanquished

Notes
Turn   | Place    | Note
-------+----------+-------------------------------------------
     0 | D:1      | tacoguy the Deep Elf Conjurer began the quest for the Orb.
     0 | D:1      | Reached XP level 1. HP: 10/10 MP: 6/6
   117 | D:1      | Reached XP level 2. HP: 15/15 MP: 2/8
   858 | D:2      | Reached skill level 5 in Conjurations
   858 | D:2      | Reached XP level 3. HP: 19/19 MP: 7/10
   898 | D:2      | Learned a level 2 spell: Searing Ray
   932 | D:2      | Reached XP level 4. HP: 23/24 MP: 1/12
  1210 | D:2      | Found a radiant altar of Vehumet.
  1282 | D:2      | Became a worshipper of Vehumet
  1552 | D:2      | Found a shimmering altar of Xom.
  1592 | D:2      | Learned a level 4 spell: Fulminant Prism
  1597 | D:2      | Learned a level 4 spell: Iskenderun's Mystic Blast
  1664 | D:2      | Reached skill level 5 in Spellcasting
  2457 | D:3      | Reached XP level 5. HP: 28/28 MP: 8/14
  2457 | D:3      | Reached * piety under Vehumet
  2457 | D:3      | Offered knowledge of Sandblast by Vehumet.
  2643 | D:3      | Found a glowing drain.
  2647 | Sewer    | Entered a sewer
  2934 | Sewer    | Reached XP level 6. HP: 31/32 MP: 6/17
  3093 | D:3      | Offered knowledge of Freeze by Vehumet.
  3448 | D:3      | Reached ** piety under Vehumet
  3644 | D:4      | Noticed Pikel
  3820 | D:3      | Slain by Pikel

Illustrated notes

Levels and vault maps discovered:
D:1:      dpeg_arrival_refuge, layout_basic, minmay_crystal_water
D:2:      layout_loops_ring, vehumet_crystals, overflow_temple_1_default,
          minmay_domino_4
D:3:      layout_basic, gup_sewer_entry_spiral
D:4:      layout_gridville, temple_fountains, uniq_sigmund, uniq_pikel

Skill      XL: |  1  2  3  4  5 |
---------------+----------------+-----
Spellcasting   | 4 5 6 |  6.6
Conjurations   | 5 6 |  6.6
Dodging        | |  2.4
Stealth        | |  2.4

Action                   |  1- 3 |  4- 6 || total
-------------------------+-------+-------++-------
Melee: Unarmed           |     1 |    14 ||    15
 Cast: Magic Dart        |    40 |    86 ||   126
       Searing Ray       |     2 |    29 ||    31
       Iskenderun's Myst |       |     3 ||     3
       Fulminant Prism   |       |     1 ||     1
  Use: Scroll            |       |     5 ||     5
Armor: Robe              |       |     4 ||     4
Dodge: Dodged            |     5 |    32 ||    37
Block: Other             |     9 |    15 ||    24
       Reflection        |       |     2 ||     2

Table legend: (Time is in decaauts)
 A = Elapsed time spent in this place.
 B = Non-inter-level travel time spent in this place.
 C = Inter-level travel time spent in this place.
 D = Time resting spent in this place.
 E = Time spent auto-exploring this place.
 F = Levels seen in this place.
 G = Mean time per level.
                   A        B        C        D        E       F      G
               +--------+--------+--------+--------+--------+-----+--------+
         Total |   3873 |   3528 |    345 |    682 |   2256 |   5 |  774.6 |
       Dungeon |   3493 |   3148 |    345 |    602 |   2010 |   4 |  873.2 |
         Sewer |    379 |    379 |      0 |     80 |    246 |   1 |  379.0 |
               +--------+--------+--------+--------+--------+-----+--------+

Top non-repeatable levels by time:
     D:3: 1267 daAuts
     D:1: 1106 daAuts
     D:2: 1047 daAuts
   Sewer: 379 daAuts
     D:4: 72 daAuts
